 Dungeon Crawl Stone Soup version 0.30-a0-190-g22c9a3c0ff (webtiles) character file.

Game seed: 446547395311103327

9 GabrielManson the Sneak (level 2, -4/28 HPs)
             Began as a Naga Delver on Oct 4, 2022.
             Killed from afar by a steam dragon (20 damage)
             ... with a ball of steam
             ... on level 5 of the Dungeon.
             The game lasted 00:01:18 (87 turns).

GabrielManson the Sneak (Naga Delver)                 Turns: 87, Time: 00:01:18

Health: -4/28      AC:  3    Str: 14    XL:     2   Next: 12%
Magic:  2/2        EV:  9    Int: 10    God:
Gold:   0          SH:  0    Dex: 12    Spells: 1/1 levels left

rFire   . . .      SeeInvis +      - Unarmed
rCold   . . .      Faith    .    (no shield)
rNeg    . . .      Spirit   .    a - +0 leather armour
rPois   +          Reflect  .    (no helmet)
rElec   .          Harm     .    g - +0 cloak
rCorr   .          Rampage  .    (no gloves)
Will    .....                    (no barding)
Stlth   +++.......               (no amulet)
HPRegen 0.24/turn                (no ring)
MPRegen 0.08/turn                (no ring)

@: very slow
A: AC +0, large, see invisible, deformed body, poison resistance, slowness 2,
spit poison 1, naga tail 1
a: Spit Poison


You were on level 5 of the Dungeon.
You visited 1 branch of the dungeon, and saw 1 of its levels.

Inventory:

Armour
 a - a +0 leather armour (worn)
 g - a +0 cloak (worn)
Wands
 f - a wand of digging (3)
 h - a wand of charming (6)
Scrolls
 b - a scroll of fog
 c - a scroll of magic mapping
 d - a scroll of fear
Potions
 e - a potion of haste


   Skills:
 + Level 3.3 Fighting
 - Level 1.5 Dodging
 - Level 7.2 Stealth
 + Level 2.4 Unarmed Combat


You had one spell level left.
You didn't know any spells.
Your spell library was empty.

Dungeon Overview and Level Annotations

Branches:
Dungeon (5/15)
 Temple: D:4-7

Altars:


Innate Abilities, Weirdness & Mutations

Your serpentine skin is tough. (AC +0)
You have supernaturally acute eyesight. (SInv)
Armour fits poorly on your strangely shaped body.
Your system is resistant to poisons. (rPois)
You cover ground very slowly.
You can spit poison.
You have a snake-like lower body.


Message History

h - a wand of charming (7)
The adder hisses angrily.
An adder is nearby!
You closely miss the adder. The adder closely misses you.
The adder completely misses you.
You hit the adder.
The adder is moderately wounded.
The adder misses you.
You miss the adder.
The adder is moderately wounded.
The adder bites you.
You hit the adder.
The adder is heavily wounded.
The adder bites you.
You hit the adder.
The adder is severely wounded.
The adder bites you but does no damage. The adder barely misses you.
You miss the adder. You punch the adder.
You kill the adder!
You have reached level 2!
You see here an adder corpse.
You start resting.
A steam dragon comes into view.
The steam dragon hisses angrily.
The steam dragon breathes steam at you. The ball of steam misses you.
The steam dragon attacks as you move away!
The steam dragon misses you.
The steam dragon claws you but does no damage.
The steam dragon attacks as you move away!
The steam dragon closely misses you. The steam dragon claws you.
Aiming: Charm
Press: ? - help, Shift-Dir - straight line, f - steam dragon
Aim: a steam dragon (chance to affect: 49%)
The steam dragon resists with some effort.
The steam dragon bites you. The steam dragon claws you.
The steam dragon breathes steam at you. The ball of steam hits you!!
Ouch! That really hurt!
You die...

.######.....##.#.#
##...##
#....##†##.###.###.####.#
#.##...###.>...# #......#
#.###.## #..##.###.######
#.# #.## #..###...## #.#
#..# #..# ##.## #.# ##.#
#..# #.# #.# #..# #.#
#.####§###@.# #.#
#.......D§..# #.#
######.###........ #.#
##....... #.. ....... ###
#####.. .


You could see a steam dragon (catching breath).

Vanquished Creatures
  An adder (D:5)
1 creature vanquished.

Notes
Turn   | Place    | Note
-------+----------+-------------------------------------------
     0 | D:5      | GabrielManson the Naga Delver began the quest for the Orb.
     0 | D:5      | Reached XP level 1. HP: 21/21 MP: 1/1
    65 | D:5      | Reached XP level 2. HP: 20/28 MP: 2/2
    75 | D:5      | Noticed a steam dragon
    87 | D:5      | Killed from afar by a steam dragon

Illustrated notes

Levels and vault maps discovered:
D:5:      layout_loops_ring, lemuel_zombie_altar_kikubaaqudgha

Action                   || total
-------------------------++-------
Melee: Unarmed           ||     6
       Punch             ||     1
Evoke: Wand              ||     1
Armor: Leather armour    ||     2
Dodge: Dodged            ||     7

Table legend: (Time is in decaauts)
 A = Elapsed time spent in this place.
 B = Non-inter-level travel time spent in this place.
 C = Inter-level travel time spent in this place.
 D = Time resting spent in this place.
 E = Time spent auto-exploring this place.
 F = Levels seen in this place.
 G = Mean time per level.
                   A        B        C        D        E       F      G
               +--------+--------+--------+--------+--------+-----+--------+
         Total |    112 |    112 |      0 |     10 |      0 |   1 |  112.0 |
       Dungeon |    112 |    112 |      0 |     10 |      0 |   1 |  112.0 |
               +--------+--------+--------+--------+--------+-----+--------+

Top non-repeatable levels by time:
     D:5: 112 daAuts
